 Dungeon Crawl Stone Soup version 0.23-a0-242-g2b5ca64 (webtiles) character file.

30 Dissent the Ruffian (level 3, -1/33 HPs)
             Began as a Troll Warper on Sept 28, 2018.
             Slain by an ogre
             ... wielding a +0 giant club
              (22 damage)
             ... on level 1 of the Dungeon.
             The game lasted 00:02:21 (781 turns).

Dissent the Ruffian (Troll Warper)                   Turns: 781, Time: 00:02:22

Health: -1/33      AC:  5    Str: 19    XL:     3   Next: 3%
Magic:  4/4        EV: 10    Int:  9    God:
Gold:   63         SH:  0    Dex: 10    Spells: 3/5 levels left

rFire    . . .     SeeInvis .     - Unarmed
rCold    . . .     Gourm    +   (no shield)
rNeg     . . .     Faith    .   a - +0 robe
rPois    .         Spirit   .   (helmet restricted)
rElec    .         Reflect  .   (no cloak)
rCorr    .         Harm     .   (gloves unavailable)
MR       .....                  (boots unavailable)
Stlth    +.........             (no amulet)
HPRegen  0.51/turn              (no ring)
MPRegen  0.09/turn              (no ring)

@: no status effects
A: large, unfitting armour, claws 3, fast metabolism 3, gourmand, regeneration
1, shaggy fur 1, tough skin 2
a: no special abilities


You were on level 1 of the Dungeon.
You were not hungry.

You visited 1 branch of the dungeon, and saw 2 of its levels.

You collected 63 gold pieces.

Inventory:

Missiles
 d - 5 tomahawks of dispersal {!f}
 f - 3 large rocks (quivered)
Armour
 a - a +0 robe (worn)
Scrolls
 c - 4 scrolls of blinking
 g - a scroll of magic mapping {unknown}
 h - a scroll of teleportation {unknown}
 i - a scroll of identify {unknown}
 j - a scroll of remove curse {unknown}
Potions
 b - a potion of ambrosia {unknown}
Comestibles
 e - 6 rations {!d}


   Skills:
 - Level 1.5 Fighting
 - Level 0.8 Throwing
 - Level 1.9 Dodging
 + Level 3.0 Unarmed Combat
 + Level 1.7 Spellcasting
 - Level 2.1 Translocations


You had 3 spell levels left.
You knew the following spells:

 Your Spells              Type           Power        Failure   Level  Hunger
b - Blink                 Tloc           N/A          22%         2    ###....

Your spell library contained the following spells:

 Spells                   Type           Power        Failure   Level  Hunger
 Shroud of Golubria       Chrm/Tloc      #.........   32%         2    ###....
 Gell's Gravitas          Tloc           #.........   38%         3    ####...
 Lesser Beckoning         Tloc           #.........   38%         3    ####...
 Teleport Other           Tloc           #.......     38%         3    ####...
 Passage of Golubria      Tloc           N/A          80%         4    #####..


Dungeon Overview and Level Annotations

Branches:
Dungeon (2/15)

Altars:


Innate Abilities, Weirdness & Mutations

You are too large for most types of armour.
You have claws for hands.
Your metabolism is lightning-fast.
You like to eat raw meat.
Your natural rate of healing is unusually fast.
You are covered in fur. (AC +1)
You have very tough skin. (AC +2)


Message History

You closely miss the adder. The adder closely misses you.
You scratch the adder. The adder bites you.
You are poisoned.
The adder poisons you! The adder bites you.
You miss the adder.
You feel sick. The adder bites you but does no damage.
You claw the adder!
You kill the adder!
Your Unarmed Combat skill increases to level 3!
You have reached level 3!
Your experience leads to an increase in your attributes!
Increase (S)trength, (I)ntelligence, or (D)exterity?
You feel agile.
You feel stronger.
You closely miss the hobgoblin.
You feel sick. The hobgoblin closely misses you.
You scratch the hobgoblin. The hobgoblin misses you.
You claw the hobgoblin!
You kill the hobgoblin!
You feel sick.
There isn't anything here!
You start resting.
You feel sick. x2
An ogre comes into view. It is wielding a giant club.
An ogre is nearby!
You feel sick.
The ogre shouts!
Throwing (i - inventory. (/) - cycle)
d - 5 tomahawks of dispersal (quivered)
Aim: an ogre, wielding a giant club Really fire
d - 5 tomahawks of dispersal {!f}?
Quiver which item? (- for none, * to show all) (? for menu, Esc to quit)
Quivering
f - 3 large rocks for throwing.
Unknown command.
You feel sick.
You are no longer poisoned.
You don't know any spells.
Memorise Blink, consuming 2 spell levels and leaving 3?
You start memorising the spell.
You continue memorising. x2
The ogre barely misses you.
You finish memorising.
Spell assigned to 'b'.
There is a stone staircase leading down here.
There is a stone staircase leading up here.
The ogre hits you with a giant club!!
Ouch! That really hurt!
* * * LOW HITPOINT WARNING * * *
You climb upwards.
There is a stone staircase leading down here.
Okay, then.
There is a stone staircase leading down here.
The ogre hits you with a giant club!!
Ouch! That really hurt!
You die...

..#######......# #..###########
#[.............# #..###########
#####..........# #..#..........
.###.###.....### #..#.#########
##≈#.#≈##.)..# #..#.#
#≈P...♣≈###..# ##..#.#
≈P8P.♣8♣≈##..# ##.#.#.# ####
#≈P...♣≈# #..#####.###..# #...
#≈..<.P≈###.....@.## ##.# #.##
≈.8.≈P8P≈##..####O.###..# #.#
#≈.≈≈≈P≈###....O....#.#.######.#
##≈#.#≈## #..##...##...........#
####.######.......###..#########
....)..............##..#
###############...###..#
#########..# #..#
#..........###..#


You could see an ogre.

Vanquished Creatures
  An adder (D:2)
  An ooze (D:1)
  A dart slug (D:2)
  3 bats (D:1)
  A goblin (D:1)
  2 hobgoblins
  A kobold (D:1)
  5 rats
15 creatures vanquished.

Vanquished Creatures (others)
  4 toadstools (D:1)
4 creatures vanquished.

Grand Total: 19 creatures vanquished

Notes
Turn   | Place    | Note
-------+----------+-------------------------------------------
     0 | D:1      | Dissent the Troll Warper began the quest for the Orb.
     0 | D:1      | Reached XP level 1. HP: 19/19 MP: 1/1
   139 | D:1      | Reached XP level 2. HP: 26/27 MP: 3/3
   722 | D:2      | Reached skill level 3 in Unarmed Combat
   722 | D:2      | Reached XP level 3. HP: 26/33 MP: 4/4
   736 | D:2      | Noticed an ogre
   750 | D:2      | Learned a level 2 spell: Blink
   781 | D:1      | Slain by an ogre

Vault maps used:
D:1:      ldierk_walled_garden_2, minmay_misc_feat_ornament
D:2:      chequers_ecumenical_altar_simple_redux

Skill      XL: |  1  2 |
---------------+-------+-----
Unarmed Combat | 3 |  3.0
Fighting       | |  1.5
Throwing       | |  0.8
Dodging        | |  1.9
Spellcasting   | |  1.7
Translocations | |  2.1

Action                   || total
-------------------------++-------
Melee: Unarmed           ||    34
  Eat: Chunk             ||     6
Armor: Robe              ||    20
Dodge: Dodged            ||    24

Table legend:
 A = Non-vault XP
 B = Vault XP
 C = Vault XP percentage of total XP
 D = Non-vault monster count
 E = Vault monster count
 F = Vault count percentage of total count
                 A         B        C        D         E       F
            +---------+---------+-------+---------+---------+-------
      Total |      43 |       0 |   0.0 |      15 |       0 |   0.0
            +---------+---------+-------+---------+---------+-------
        D:1 |      22 |       0 |   0.0 |      11 |       0 |   0.0
        D:2 |      21 |       0 |   0.0 |       4 |       0 |   0.0
            +---------+---------+-------+---------+---------+-------
